 Dungeon Crawl Stone Soup version 0.29.0-5-ge4962eb29e (webtiles) character file.

Game seed: 16688548534110824025

886 drpainis the Grave Robber (level 7, -5/48 HPs)
             Began as a Demonspawn Necromancer on Aug 28, 2022.
             Was an Initiate of Yredelemnul.
             Slain by a gnoll
             ... wielding a +1 vorpal spear
             ... led by a gnoll bouda
              (6 damage)
             ... on level 6 of the Dungeon.
             The game lasted 00:11:33 (6971 turns).

drpainis the Grave Robber (Demonspawn Necromancer)  Turns: 6971, Time: 00:11:34

Health: -5/48      AC:  5    Str:  8    XL:     7   Next: 77%
Magic:  4/4        EV: 12    Int: 18    God:    Yredelemnul [......]
Gold:   229        SH:  5    Dex: 14    Spells: 7/16 levels left

rFire   . . .      SeeInvis .   o - +6 spear "Xudghefe" {antimagic, rPois}
rCold   . . .      Faith    .   (no shield)
rNeg    . . .      Spirit   .   a - +0 robe
rPois   +          Reflect  +   (no helmet)
rElec   .          Harm     .   v - +0 cloak
rCorr   .          Rampage  .   (no gloves)
Will    .....                   (no boots)
Stlth   ++........              m - amulet of reflection
HPRegen 0.16/turn               e - ring of poison resistance
MPRegen 0.09/turn               i - ring of willpower

@: brilliant, about to teleport, weak-willed, weakened
A: yellow scales 1, ignite blood 1, demonic magic 2
a: Renounce Religion, Recall Undead Harvest


You were on level 6 of the Dungeon.
You worshipped Yredelemnul.
Yredelemnul was noncommittal.
You visited 2 branches of the dungeon, and saw 7 of its levels.

You collected 229 gold pieces.

Inventory:

Hand Weapons
 d - a +3 dagger
 o - the +6 spear "Xudghefe" (weapon) {antimagic, rPois}
   (You found it on level 3 of the Dungeon)

   It reduces the magical energy of the wielder, and disrupts the spells and
   magical abilities of those it strikes.
   Natural abilities and divine invocations are not affected.
   rPois:     It protects you from poison.
 q - a +2 dagger of venom
Armour
 a - a +0 robe (worn)
 v - a +0 cloak (worn)
Jewellery
 e - a ring of poison resistance (left hand)
 i - a ring of willpower (right hand)
 m - an amulet of reflection (around neck)
Wands
 j - a wand of charming (8)
 p - a wand of mindburst (14)
 r - a wand of flame (33)
Scrolls
 b - a scroll of vulnerability
 c - a scroll of noise
 g - 4 scrolls of teleportation
 l - 4 scrolls of identify
 t - 3 scrolls of magic mapping {unknown}
Potions
 h - a potion of lignification {unknown}
 k - a potion of might {unknown}
 n - a potion of cancellation {unknown}


   Skills:
 + Level 1.1 Fighting
 + Level 0.3 Short Blades
 + Level 1.7 Polearms
 + Level 2.4 Dodging
 + Level 3.7 Stealth
 + Level 0.4 Shields
 + Level 0.1 Unarmed Combat
 + Level 5.0 Spellcasting
 + Level 7.2 Necromancy


You had 7 spell levels left.
You knew the following spells:

 Your Spells              Type           Power      Damage    Failure   Level
a - Necrotise             Necr           100%       1d9       1%          1
b - Vampiric Draining     Necr           46%        2d9       1%          3
c - Agony                 Necr           46%        N/A       19%         5

Your spell library contained the following spells:

 Spells                   Type           Power      Damage    Failure   Level
 Animate Dead             Necr           Unusable   N/A       N/A         4

Dungeon Overview and Level Annotations

Branches:
Dungeon (6/15)             Temple (1/1) D:5

Altars:
Ashenzari
Cheibriados
Dithmenos
Fedhas
Gozag
Hepliaklqana
Makhleb
Nemelex Xobeh
Okawaru
Qazlal
Ru
Sif Muna
Trog
Uskayaw
Vehumet
Wu Jian
Xom
Yredelemnul

Shops:
D:5 (?=[(

Annotations:
D:2 Sigmund
D:6 Blork the orc, Maggie


Innate Abilities, Weirdness & Mutations

You are partially covered in yellow scales. (AC +2)
Your demonic aura sometimes causes spilled blood to erupt in flames.
Spells you cast may paralyse nearby enemies.


Message History

A gnoll comes into view. It is wielding a +0 whip.
The kobold hits you with a +0 dagger. The kobold brigand barely misses you.
The gnoll barely misses you.
As you read the scroll labelled WUGIZI TUWU, it crumbles to dust.
Your body is wracked with pain!
The kobold brigand convulses!
The kobold convulses!
The gnoll convulses! x2; The gnoll sergeant convulses!
The gnoll convulses!
The gnoll bouda convulses!
The kobold convulses!
The gnoll convulses! x3; It was a scroll of torment.
The kobold hits you but does no damage.
The kobold brigand completely misses you.
The gnoll barely misses you.
As you read the scroll labelled UGYVVOZOHA, it crumbles to dust.
You feel strangely unstable.
It was a scroll of teleportation.
The gnoll bouda is no longer moving quickly.
The gnoll is no longer moving quickly.
The gnoll sergeant is no longer moving quickly.
The gnoll barely misses you. The kobold hits you with a +0 dagger.
* * * LOW HITPOINT WARNING * * *
The kobold brigand hits you with a +0 whip.
* * * LOW HITPOINT WARNING * * *
The gnoll hits you from afar with a +1 vorpal spear.
* * * LOW HITPOINT WARNING * * *
x2
As you read the scroll labelled YNIPLA BEHEU, it crumbles to dust.
It is a scroll of identify.
Really abort (and waste the scroll)?
Really abort (and waste the scroll)?
Okay, then.
You block the gnoll's attack. The kobold hits you but does no damage.
The kobold brigand completely misses you.
Your kobold zombie hits the kobold but does no damage.
The gnoll hits you from afar with a +1 vorpal spear.
* * * LOW HITPOINT WARNING * * *
x2
Okay, then.
Okay, then.
It was a potion of brilliance.
You feel clever all of a sudden. The kobold hits you but does no damage.
The kobold brigand barely misses you.
The gnoll hits you from afar with a +1 vorpal spear.
You die...
Your body rises from the dead as a mindless zombie.

#....<....... ..#@#........
###..###.......... ..
.....>...
.......#..........# ..
o.......... ..(...
........... . ...#.........
#...# #........P. ...#
########..#...###......P...
..$. #....g.........PP..
....
#########zKg........P...
.......@KKggg...........
######.Kgg5K.....)..P...
#..$##gZ...........PP
....## #K.........#....
#### ##########....## #####


You could see a kobold brigand (weak-willed), a gnoll sergeant (weak-willed), a
gnoll bouda (weak-willed), a wight (weak-willed), 6 gnolls, an ufetubus
(weak-willed), 5 kobolds and a friendly kobold zombie (weak-willed).

Vanquished Creatures
  Grinder (D:4)
  Edmund (D:5)
  An ogre (D:4)
  A phantom (D:5)
  A bullfrog (D:4)
  A necrophage (D:5)
  A howler monkey (D:5)
  A hound (D:5)
  Crazy Yiuf (D:5)
  2 orc wizards (D:5)
  5 adders
  A white imp (D:5)
  3 worms
  2 dart slugs
  5 orcs (D:5)
  4 bats
  8 endoplasms
  A giant cockroach (D:3)
  7 goblins
  7 hobgoblins
  3 jackals (D:2)
  8 kobolds
  4 quokkas
  5 ball pythons
  2 frilled lizards
  5 rats
81 creatures vanquished.

Vanquished Creatures (collateral kills)
  A dart slug (D:1)
  An endoplasm (D:1)
  A kobold (D:1)
3 creatures vanquished.

Vanquished Creatures (others)
  An adder zombie (D:5)
  A spectral white imp (D:5)
  2 orc zombies (D:5)
  A fungus (D:2)
  3 plants (D:6)
8 creatures vanquished.

Grand Total: 92 creatures vanquished

Notes
Turn   | Place    | Note
-------+----------+-------------------------------------------
     0 | D:1      | drpainis the Demonspawn Necromancer began the quest for the
                  | Orb.
     0 | D:1      | Reached XP level 1. HP: 13/13 MP: 3/3
   288 | D:1      | Gained mutation: You are partially covered in yellow
                  | scales. (AC +2) [demonic ancestry]
   288 | D:1      | Reached XP level 2. HP: 19/19 MP: 1/5
   362 | D:1      | Reached skill level 5 in Necromancy
  1036 | D:1      | Gained mutation: Your demonic aura sometimes causes spilled
                  | blood to erupt in flames. [demonic ancestry]
  1036 | D:1      | Reached XP level 3. HP: 24/24 MP: 4/6
  1789 | D:2      | Found a faded altar of an unknown god.
  1976 | D:2      | Learned a level 3 spell: Vampiric Draining
  2137 | D:2      | Noticed Sigmund
  2186 | D:3      | Reached XP level 4. HP: 30/30 MP: 6/8
  2399 | D:3      | Identified the +6 spear "Xudghefe" {antimagic, rPois}
  3353 | D:3      | Found a stormy altar of Qazlal.
  3355 | D:3      | Found an ornate altar of the Wu Jian Council.
  4144 | D:4      | Noticed a bullfrog
  4147 | D:4      | Killed a bullfrog
  4148 | D:4      | Gained mutation: Spells you cast may paralyse adjacent
                  | enemies. [demonic ancestry]
  4148 | D:4      | Reached XP level 5. HP: 36/36 MP: 0/10
  4283 | D:4      | Noticed Grinder
  4283 | D:4      | Noticed an ogre
  4768 | D:4      | Killed an ogre
  4769 | D:4      | Reached skill level 6 in Necromancy
  5212 | D:3      | Learned a level 5 spell: Agony
  5228 | D:4      | Killed Grinder
  5229 | D:4      | Gained mutation: Spells you cast may paralyse nearby
                  | enemies. [demonic ancestry]
  5229 | D:4      | Reached XP level 6. HP: 8/42 MP: 4/12
  5597 | D:5      | Entered Level 5 of the Dungeon
  5598 | D:5      | Found Gucs's Jewellery Emporium.
  5726 | D:5      | Reached XP level 7. HP: 41/47 MP: 4/13
  5779 | D:5      | Found Wiwn's Antique Armour Emporium.
  5824 | D:5      | Reached skill level 1 in Polearms
  5865 | D:5      | Found Ufuihuno's Weapon Boutique.
  5900 | D:5      | Found a staircase to the Ecumenical Temple.
  5918 | Temple   | Entered the Ecumenical Temple
  6023 | Temple   | Became a worshipper of Yredelemnul the Dark
  6118 | D:5      | Found Ihoapito's Magic Scroll Boutique.
  6118 | D:5      | Noticed Edmund
  6134 | D:5      | Killed Edmund
  6135 | D:5      | Reached skill level 1 in Fighting
  6141 | D:5      | Reached * piety under Yredelemnul
  6143 | D:5      | Reached skill level 7 in Necromancy
  6401 | D:5      | Found Sikkenko's Weapon Boutique.
  6410 | D:5      | Reached skill level 5 in Spellcasting
  6596 | D:5      | Found a runed translucent door.
  6597 | D:5      | Noticed Crazy Yiuf
  6744 | D:5      | Killed Crazy Yiuf
  6906 | D:6      | Noticed Maggie
  6907 | D:6      | Noticed Blork the orc
  6970 | D:6      | HP: 2/48 [gnoll/+1 vorpal spear[a gnoll bouda] (3)]
  6971 | D:6      | Slain by a gnoll

Illustrated notes

Levels and vault maps discovered:
D:1:      minmay_arrival_split_and_join, layout_rooms, hangedman_decor_lopped
D:2:      layout_loops_ring, shapermc_ecumenical_altar_acropolis,
          grunt_ministairs_15, minmay_misc_feat_rugged, uniq_sigmund
D:3:      layout_basic, grunt_temple_overflow_open, serial_curves,
          eino_curves_03, eino_curves_02
D:4:      layout_gridville, uniq_grinder
D:5:      layout_cave_pools, temple_pool_b, serial_shops,
          nicolae_shop_bloodbath_and_beyond, nicolae_take_the_stairs,
          nicolae_stop_n_shop_1, nicolae_shop_overgrown_old_shop, shop,
          uniq_edmund, uniq_crazy_yiuf_cottage
D:6:      layout_rooms, nicolae_kikubaaqudgha_miasma_corner, minmay_misc_feat_x,
          nicolae_grassy_gnolls, uniq_menkaure, uniq_blork_the_orc, uniq_maggie
Temple:   nicolae_temple_two_arcs

Skill      XL: |  1  2  3  4  5  6  7 |
---------------+----------------------+-----
Stealth        | 2 3 |  3.7
Necromancy     | 5 6 7 |  7.2
Dodging        | 2 |  2.4
Spellcasting   | 3 4 5 |  5.0
Polearms       | 1 |  1.7
Fighting       | 1 |  1.1
Short Blades   | |  0.3
Shields        | |  0.4
Unarmed Combat | |  0.1

Action                   |  1- 3 |  4- 6 |  7- 9 || total
-------------------------+-------+-------+-------++-------
Melee: Unarmed           |     9 |       |       ||     9
       Dagger            |    17 |    10 |       ||    27
       Spear             |       |    46 |    28 ||    74
       Punch             |       |     2 |     1 ||     3
 Cast: Necrotise         |    59 |    38 |    19 ||   116
  Use: Potion            |     1 |     2 |     2 ||     5
       Scroll            |       |       |     5 ||     5
 Stab: Sleeping          |     1 |     1 |     1 ||     3
       Distracted        |     1 |       |       ||     1
       Paralysed         |       |     2 |    11 ||    13
Armor: Robe              |    23 |     5 |    11 ||    39
Dodge: Dodged            |    40 |    23 |    32 ||    95
Block: Other             |       |     7 |     9 ||    16
